[Event "*** SCC Grand Prix: Titled Tuesday Blitz"]
[Site "Chess.com"]
[Date "2020.07.07"]
[Round "1"]
[White "Ashedu66"]
[Black "Matveev_Vladimir"]
[Result "0-1"]
[WhiteElo "2152"]
[BlackElo "2527"]
[TimeControl "180+1"]
[EndTime "10:04:13 PDT"]
[Termination "Matveev_Vladimir won by resignation"]

1. d4 Nf6 2. Nf3 g6 3. c4 Bg7 4. Nc3 O-O 5. e4 d6 6. h3 e5 7. d5 a5 8. Bg5 Na6 9. Nd2 Qe8 10. g4 Nd7 11. Be2 Ndc5 12. a3 a4 13. h4 f5 14. h5 fxg4 15. hxg6 Qxg6 16. Be3 h5 17. Qc2 Bh6 18. O-O-O Bxe3 19. fxe3 Bd7 20. Rdg1 Rf2 21. Bd1 Nb3+ 0-1

[Event "*** SCC Grand Prix: Titled Tuesday Blitz"]
[Site "Chess.com"]
[Date "2020.07.07"]
[Round "1"]
[White "dalmatinac101"]
[Black "MateSchmate"]
[Result "1-0"]
[WhiteElo "2804"]
[BlackElo "2418"]
[TimeControl "180+1"]
[EndTime "10:04:16 PDT"]
[Termination "dalmatinac101 won by checkmate"]

1. e4 e6 2. d4 d5 3. Nc3 Bb4 4. e5 c5 5. a3 Bxc3+ 6. bxc3 Qc7 7. Qg4 f5 8. Qg3 Nc6 9. Nf3 cxd4 10. Bb5 dxc3 11. Bxc6+ bxc6 12. O-O Ba6 13. Re1 c5 14. Rb1 d4 15. Ng5 Bc4 16. Qf3 Bd5 17. Nxe6 Bxf3 18.
Nxc7+ Kd7 19. Nxa8 Bxa8 20. e6+ Ke7 21. Rb8 Bd5 22. Bg5+ Kd6 23. e7 Bc6 24. Rd8+ Kc7 25. Bf4+ Kb7 26. Rb8+ Ka6 27. e8=Q Bxe8 28. Rexe8 c4 29.
Re6+ Ka5 30. Bc7+ Ka4 31. Ra6# 1-0

[Event "*** SCC Grand Prix: Titled Tuesday Blitz"]
[Site "Chess.com"]
[Date "2020.07.07"]
[Round "1"]
[White "Tsyhanchuk_Stanislav"]
[Black "Grandelicious"]
[Result "0-1"]
[WhiteElo "2409"]
[BlackElo "2770"]
[TimeControl "180+1"]
[EndTime "10:04:17 PDT"]
[Termination "Grandelicious won by resignation"]

1. e4 c6 2. d4 d5 3. Nc3 dxe4 4.
Nxe4 Nf6 5. Nxf6+ exf6 6. c3 Bd6 7. Bd3 O-O 8. Ne2 Re8 9. Qc2 h5 10. Be3 Nd7 11. O-O-O Nf8 12. c4 Be6 13. Nc3 Bb4 14. h3 b5 15. g4 h4 16. Rhg1 bxc4 17. Be4 Bxc3 18. Qxc3 Bd5 19. Bb1 Qd7 20. g5 f5 21.
g6 Nxg6 22. Rg5 Be4 23. Qxc4 Bxb1 24. Kxb1 f4 25. Bc1 Qxh3 26. Rxg6 Qf5+ 27. Qc2 0-1

[Event "*** SCC Grand Prix: Titled Tuesday Blitz"]
[Site "Chess.com"]
[Date "2020.07.07"]
[Round "1"]
[White "serhanberat_ozdemir"]
[Black "Yoshikrov"]
[Result "0-1"]
[WhiteElo "2478"]
[BlackElo "2069"]
[TimeControl "180+1"]
[EndTime "10:04:27 PDT"]
[Termination "Yoshikrov won by resignation"]

1. e4 c5 2. Nf3 d6 3. d4 cxd4 4. Nxd4 Nf6 5. Nc3 a6 6. f3 e5 7. Nb3 Be6 8. Be3 h5 9. Qd2 Nbd7 10. Be2 b5 11. Nd5 Bxd5 12. exd5 Nb6 13. Bxb6 Qxb6 14. a4 b4 15. a5 Qb7 16. Bc4 g6 17. O-O Bh6 18.
Qd3 O-O 19. Rae1 Rfc8 20. g3 Qc7 21. Bxa6 Qa7+ 22. Kg2 Qxa6 23. Qxa6 Rxa6 24. Re2 Nxd5 25. Rfe1 Rac6 0-1

[Event "*** SCC Grand Prix: Titled Tuesday Blitz"]
[Site "Chess.com"]
[Date "2020.07.07"]
[Round "1"]
[White "mfwagnerpeixoto"]
[Black "Th3_Hound"]
[Result "1-0"]
[WhiteElo "2218"]
[BlackElo "2535"]
[TimeControl "180+1"]
[EndTime "10:04:29 PDT"]
[Termination "mfwagnerpeixoto won by resignation"]

1. d4 Nf6 2. c4 g6 3. Nc3 d5 4.
Nf3 Bg7 5. cxd5 Nxd5 6. e4 Nxc3 7. bxc3 c6 8. Be3 O-O 9. Be2 Nd7 10. O-O b6 11. a4 Bb7 12. Qd2 c5 13. d5 Qc7 14.
Bh6 e6 15. Bxg7 Kxg7 16. c4 exd5 17. exd5 Rfe8 18. Qc3+ Kg8 19. Bd3 Re7 20. Nd2 Ne5 21. Ne4 Rd8 22. f4 Nxd3 23. Nf6+ Kf8 24. Nxh7+ Kg8 25. Nf6+ Kf8 26. Qxd3 Qd6 27. Ne4 Qd7 28. f5 gxf5 29. Nf6 Qd6 30. Qxf5 Qe5 31. Qh7 Qe3+ 32.
Kh1 Rc7 33. Rae1 1-0

[Event "*** SCC Grand Prix: Titled Tuesday Blitz"]
[Site "Chess.com"]
[Date "2020.07.07"]
[Round "1"]
[White "annamaja"]
[Black "Flawless_Fighter"]
[Result "0-1"]
[WhiteElo "2251"]
[BlackElo "2584"]
[TimeControl "180+1"]
[EndTime "10:04:33 PDT"]
[Termination "Flawless_Fighter won by resignation"]

1. e4 c6 2. d4 d5 3. exd5 cxd5 4. c4 Nf6 5. Nc3 e6 6. Bd3 dxc4 7. Bxc4 Bb4 8. Ne2 O-O 9. O-O a6 10. Bg5 b5 11. Bd3 Bb7 12. Qc2 h6 13. Bh4 Nbd7 14.
a4 bxa4 15. Rxa4 Be7 16. Rfa1 Nb6 17. Ra5 Nbd5 18. Nxd5 Nxd5 19. Bxe7 Qxe7 20. Qd2 Nb4 21. Bc4 Rac8 22. b3 Rfd8 23. R1a4 Nc6 24. Rh5 Qf6 25.
Bxa6 Bxa6 26. Rxa6 Nxd4 27. Nxd4 Qxd4 28. Qe1 Rc1 0-1

[Event "*** SCC Grand Prix: Titled Tuesday Blitz"]
[Site "Chess.com"]
[Date "2020.07.07"]
[Round "1"]
[White "GoltsevDmitry2000"]
[Black "memer5334"]
[Result "1-0"]
[WhiteElo "2562"]
[BlackElo "2211"]
[TimeControl "180+1"]
[EndTime "10:04:33 PDT"]
[Termination "GoltsevDmitry2000 won by resignation"]

1. e4 b6 2. Nc3 Bb7 3. d4 Nf6 4.
Bd3 Nc6 5. Nge2 e5 6. d5 Nd4 7. Nxd4 exd4 8. Ne2 Bb4+ 9. Bd2 Bxd2+ 10. Qxd2 c5 11.
O-O O-O 12. c4 d6 13. f4 Ng4 14. Rf3 Qh4 15. h3 Ne3 16. Ng3 Bc8 17. Re1 f5 18. e5 dxe5 19. fxe5 g5 20. e6 g4 21.
Nxf5 gxf3 22. Nxh4 f2+ 23. Qxf2 Rxf2 24. Kxf2 Kf8 25. Rxe3 dxe3+ 26. Kxe3 Ba6 27. Nf5 Re8 28. Kf4 Bc8 29. Ke5 Kg8 30. Nd6 Rd8 31. e7 1-0

[Event "*** SCC Grand Prix: Titled Tuesday Blitz"]
[Site "Chess.com"]
[Date "2020.07.07"]
[Round "1"]
[White "Parkas"]
[Black "DenisQ"]
[Result "0-1"]
[WhiteElo "2322"]
[BlackElo "2644"]
[TimeControl "180+1"]
[EndTime "10:04:35 PDT"]
[Termination "DenisQ won by resignation"]

1. d4 Nf6 2. Nc3 d5 3. Bf4 Bf5 4. f3 e6 5. g4 Bg6 6. h4 h6 7. e3 a6 8. Nh3 c5 9. Bd3 Bxd3 10. Qxd3 Nc6 11. O-O-O Qa5 12. g5 Nh5 13. g6 Nb4 14. gxf7+ Kxf7 15. Qe2 Nxa2+ 16. Nxa2 Qxa2 17. c3 Rc8 18. Rhg1 cxd4 19. Qd3 Rxc3+ 0-1

[Event "*** SCC Grand Prix: Titled Tuesday Blitz"]
[Site "Chess.com"]
[Date "2020.07.07"]
[Round "1"]
[White "RodinMihail"]
[Black "Boudicca64"]
[Result "1-0"]
[WhiteElo "2473"]
[BlackElo "1790"]
[TimeControl "180+1"]
[EndTime "10:04:35 PDT"]
[Termination "RodinMihail won by resignation"]

1. e4 c5 2. Nf3 e6 3. d4 cxd4 4. Nxd4 a6 5. Bd3 g6 6. O-O Bg7 7. Be3 Nc6 8. c3 Nge7 9. Nd2 d5 10. Nxc6 bxc6 11. f4 O-O 12. e5 f6 13. exf6 Bxf6 14.
Bc5 Re8 15. Nf3 Nf5 16. Re1 d4 17. Bxf5 exf5 18. Rxe8+ Qxe8 19. Bxd4 Bxd4+ 20. Qxd4 Qd7 21. Re1 Qxd4+ 22. Nxd4 c5 23. Nb3 c4 24. Na5 Kf7 25.
Nxc4 Be6 26. Ne5+ Kf6 27. b3 a5 28. g3 a4 29. c4 axb3 30. axb3 Ra3 31. Re3 g5 32.
fxg5+ Kxg5 33. Kf2 f4 34. Nf3+ Kf5 35. Nd4+ 1-0

[Event "*** SCC Grand Prix: Titled Tuesday Blitz"]
[Site "Chess.com"]
[Date "2020.07.07"]
[Round "1"]
[White "Airquake"]
[Black "KyrgyzFighter"]
[Result "1-0"]
[WhiteElo "2643"]
[BlackElo "2318"]
[TimeControl "180+1"]
[EndTime "10:04:41 PDT"]
[Termination "Airquake won by resignation"]

1. e4 e6 2. Nf3 d5 3. exd5 exd5 4. Be2 Nc6 5. O-O Bg4 6. b3 Bd6 7. Bb2 f6 8. h3 Bh5 9. c4 dxc4 10. bxc4 Nge7 11. d4 Qd7 12. Nbd2 O-O-O 13. d5 Nb8 14. Bd4 a6 15. Rb1 Nf5 16. Qb3 c5 17. dxc6 Nxc6 18. Bb6 Rde8 19. Bd3 Bf4 20. Ne4 Bxf3 21. Nc5 Nfd4 22.
Nxd7 Nxb3 23. Rxb3 Bxg2 24. Kxg2 Kxd7 25. Bf5+ Ke7 26.
Bc5+ Kf7 27. Rxb7+ Ne7 28. Re1 Be5 29. f4 g6 30.
fxe5 gxf5 31. exf6 Kxf6 32. Bd4+ Kf7 33. Bxh8 1-0

[Event "*** SCC Grand Prix: Titled Tuesday Blitz"]
[Site "Chess.com"]
[Date "2020.07.07"]
[Round "1"]
[White "TheCount"]
[Black "Fortitudine"]
[Result "1-0"]
[WhiteElo "2582"]
[BlackElo "2244"]
[TimeControl "180+1"]
[EndTime "10:04:42 PDT"]
[Termination "TheCount won by resignation"]

1. b3 e5 2. Bb2 d6 3. d4 exd4 4. Qxd4 Nf6 5. g3 Nc6 6. Qd2 Be7 7. Bg2 O-O 8. Nc3 Re8 9. O-O-O Bf8 10. Nd5 Nxd5 11. Bxd5 Bd7 12. Nf3 a5 13. Ng5 Be6 14. Bxe6 fxe6 15. h4 Qe7 16. Qd3 g6 17. f4 Qf7 18. Nxf7 1-0

[Event "*** SCC Grand Prix: Titled Tuesday Blitz"]
[Site "Chess.com"]
[Date "2020.07.07"]
[Round "1"]
[White "ErikBlomqvist"]
[Black "Vitor-Moraes"]
[Result "1-0"]
[WhiteElo "2486"]
[BlackElo "2008"]
[TimeControl "180+1"]
[EndTime "10:04:42 PDT"]
[Termination "ErikBlomqvist won by resignation"]

1. e4 e5 2. Nf3 Nc6 3. Bb5 a6 4.
Ba4 Nf6 5. O-O b5 6. Bb3 d6 7.
c3 Be7 8. a4 Bd7 9. d4 exd4 10.
cxd4 O-O 11. Re1 Bg4 12. Be3 Nxe4 13. Bd5 Qd7 14. Bxe4 d5 15. Bd3 Nb4 16. axb5 Nxd3 17. Qxd3 axb5 18. Rxa8 Rxa8 19. Ne5 Qe6 20. Nxg4 Qxg4 21.
Qxb5 Rd8 22. Nc3 Qh5 23. Bf4 Ra8 24. Nxd5 Bf8 25. Nf6+ 1-0

[Event "*** SCC Grand Prix: Titled Tuesday Blitz"]
[Site "Chess.com"]
[Date "2020.07.07"]
[Round "1"]
[White "Roman_Ovetchkin"]
[Black "quesfr"]
[Result "1-0"]
[WhiteElo "2566"]
[BlackElo "2217"]
[TimeControl "180+1"]
[EndTime "10:04:43 PDT"]
[Termination "Roman_Ovetchkin won by resignation"]

1. d4 d5 2. c4 e6 3. Nf3 Nf6 4. g3 Be7 5. Bg2 O-O 6. O-O dxc4 7. Qc2 b5 8. a4 b4 9. Nfd2 Nd5 10. Nxc4 Ba6 11. Rd1 Nd7 12. e4 N5b6 13. Na5 c5 14.
Nc6 Qe8 15. a5 Nc8 16. e5 cxd4 17. Rxd4 Bc5 18. Rh4 f5 19. exf6 Nxf6 20. Qxc5 1-0

[Event "*** SCC Grand Prix: Titled Tuesday Blitz"]
[Site "Chess.com"]
[Date "2020.07.07"]
[Round "1"]
[White "dopolian"]
[Black "nubair1198"]
[Result "0-1"]
[WhiteElo "2411"]
[BlackElo "2785"]
[TimeControl "180+1"]
[EndTime "10:04:44 PDT"]
[Termination "nubair1198 won by resignation"]

1. e4 Nf6 2. e5 Nd5 3. c4 Nb6 4.
d4 d6 5. Nf3 g6 6. Nc3 Bg7 7.
exd6 cxd6 8. Be2 O-O 9. Be3 Bg4 10. b3 Nc6 11. Rc1 d5 12. c5 Nc8 13. O-O e6 14.
Qd2 N8e7 15. h3 Bxf3 16. Bxf3 Nf5 17. Ne2 Nh4 18. Bg4 h5 19. Bg5 Bf6 20. Bxh4 Bxh4 21.
Bf3 Bg5 22. Nf4 Qf6 23. g3 Nxd4 24. Bg2 Bxf4 25. gxf4 Qxf4 26. Qd3 Rac8 27. b4 Rc7 28. Rfd1 Nf5 29. a3 Rfc8 0-1

[Event "*** SCC Grand Prix: Titled Tuesday Blitz"]
[Site "Chess.com"]
[Date "2020.07.07"]
[Round "1"]
[White "ArnieChipmunk"]
[Black "Lagmantr"]
[Result "0-1"]
[WhiteElo "2324"]
[BlackElo "2652"]
[TimeControl "180+1"]
[EndTime "10:04:48 PDT"]
[Termination "Lagmantr won by resignation"]

1. e4 c5 2. Nf3 d6 3. d4 cxd4 4.
Nxd4 Nf6 5. Nc3 a6 6. Bg5 Nbd7 7. Qe2 h6 8. Bxf6 Nxf6 9. O-O-O Qc7 10. Nd5 Nxd5 11.
exd5 g6 12. Kb1 Bg7 13. f4 O-O 14. g4 Bd7 15. f5 Rac8 16. Bg2 Ba4 17. fxg6 fxg6 18.
Qe6+ Kh7 19. Rhe1 Bxc2+ 20. Ka1 Bxd1 0-1

[Event "*** SCC Grand Prix: Titled Tuesday Blitz"]
[Site "Chess.com"]
[Date "2020.07.07"]
[Round "1"]
[White "Glidzhian_Gor"]
[Black "Jumbo"]
[Result "0-1"]
[WhiteElo "2444"]
[BlackElo "2896"]
[TimeControl "180+1"]
[EndTime "10:04:54 PDT"]
[Termination "Jumbo won by resignation"]

1. e4 c5 2. Nf3 d6 3. c3 Nf6 4. Bd3 Bg4 5. h3 Bh5 6. Bc2 e6 7. O-O Be7 8. Re1 O-O 9. d4 cxd4 10. cxd4 d5 11. e5 Nfd7 12. Nc3 Nc6 13. Be3 Rc8 14. Rc1 Qb6 15. Na4 Qa5 16. Bb1 Bxf3 17. gxf3 g6 18. Nc3 Rfd8 19. Kh2 Ndxe5 20. dxe5 d4 21. Bd2 dxc3 22. bxc3 Nxe5 23. c4 Rxd2 0-1

[Event "*** SCC Grand Prix: Titled Tuesday Blitz"]
[Site "Chess.com"]
[Date "2020.07.07"]
[Round "1"]
[White "K-Nygren"]
[Black "dianamirza"]
[Result "1-0"]
[WhiteElo "2481"]
[BlackElo "1968"]
[TimeControl "180+1"]
[EndTime "10:05:02 PDT"]
[Termination "K-Nygren won by resignation"]

1. e4 e5 2. Nf3 d6 3. d4 exd4 4.
Nxd4 Nf6 5. Nc3 g6 6. f3 Bg7 7. Be3 O-O 8. Qd2 Nc6 9. h4 Re8 10.
O-O-O Nxd4 11. Bxd4 Be6 12. h5 c5 13. Be3 Nxh5 14.
g4 Ng3 15. Rh3 Nxf1 16. Rxf1 Qa5 17. Bh6 Bxc3 18. Qxc3 Qxc3 19. bxc3 Bxa2 20. Rfh1 d5 21. Bg5 dxe4 22. Rxh7 f5 23. Bf6 Kf8 24. Rg7 Bg8 25. Rh8 1-0

[Event "*** SCC Grand Prix: Titled Tuesday Blitz"]
[Site "Chess.com"]
[Date "2020.07.07"]
[Round "1"]
[White "aljado"]
[Black "DraG0s3L"]
[Result "0-1"]
[WhiteElo "2098"]
[BlackElo "2507"]
[TimeControl "180+1"]
[EndTime "10:05:04 PDT"]
[Termination "DraG0s3L won by resignation"]

1. e4 e6 2. d4 d5 3. e5 c5 4. c3 Nc6 5. Be3 Qb6 6. Qd2 Bd7 7. Nf3 Nge7 8. Bd3 cxd4 9. cxd4 Nb4 10.
Be2 Rc8 11. Nc3 Nf5 12. O-O Be7 13. a3 Nc6 14. Rac1 Na5 15. b4 Nb3 16. Qb2 Nxc1 17. Rxc1 O-O 18. Bd3 Nxe3 19. fxe3 Rc7 20. Rf1 Rfc8 21.
Ne2 Bb5 22. Bb1 Qa6 23. Re1 Bd3 24. Ba2 Rc2 0-1

[Event "*** SCC Grand Prix: Titled Tuesday Blitz"]
[Site "Chess.com"]
[Date "2020.07.07"]
[Round "1"]
[White "ace_mar"]
[Black "mishanick"]
[Result "0-1"]
[WhiteElo "2434"]
[BlackElo "2861"]
[TimeControl "180+1"]
[EndTime "10:05:05 PDT"]
[Termination "mishanick won by resignation"]

1. d4 Nf6 2. c4 e6 3. g3 d5 4. Nf3 Bb4+ 5. Bd2 Be7 6. Bg2 c6 7. O-O O-O 8. Qc2 Nbd7 9. Bf4 b6 10. Rd1 Ba6 11. Ne5 Rc8 12. cxd5 Nxd5 13. Nc3 Nxe5 14. dxe5 Qc7 15. Ne4 Nxf4 16. gxf4 Rcd8 17. e3 c5 18. Qa4 Be2 19. Re1 Bh5 20. Nc3 Rd2 21.
b3 Rfd8 22. Nb5 Qd7 23. Qxa7 Bh4 24. Qb7 Bxf2+ 25. Kh1 Qxb5 0-1

[Event "*** SCC Grand Prix: Titled Tuesday Blitz"]
[Site "Chess.com"]
[Date "2020.07.07"]
[Round "1"]
[White "Ole83"]
[Black "chessplayer9919"]
[Result "0-1"]
[WhiteElo "2345"]
[BlackElo "2667"]
[TimeControl "180+1"]
[EndTime "10:05:07 PDT"]
[Termination "chessplayer9919 won on time"]

1. c4 e5 2. Nc3 Nf6 3. Nf3 Nc6 4. g3 Bb4 5. Bg2 O-O 6. O-O e4 7. Ng5 Bxc3 8. bxc3 Re8 9. f3 exf3 10. Nxf3 d6 11.
d3 h6 12. Nd4 Ne5 13. e4 c6 14.
Bf4 Qa5 15. Qd2 Nh7 16. Rac1 Bd7 17. Kh1 Rad8 18. Qc2 Bc8 0-1

[Event "*** SCC Grand Prix: Titled Tuesday Blitz"]
[Site "Chess.com"]
[Date "2020.07.07"]
[Round "1"]
[White "timedothwasteme"]
[Black "Thee-Chessboy"]
[Result "0-1"]
[WhiteElo "2136"]
[BlackElo "2523"]
[TimeControl "180+1"]
[EndTime "10:05:08 PDT"]
[Termination "Thee-Chessboy won by resignation"]

1. e4 c5 2. Nf3 d6 3. d4 cxd4 4. Nxd4 Nf6 5. Nc3 a6 6. g3 e5 7. Nde2 Be7 8. Bg2 O-O 9. O-O b5 10. a4 b4 11. Nd5 Nxd5 12. Qxd5 Ra7 13. Be3 Rd7 14. c3 bxc3 15. Nxc3 Bb7 16. Qd2 Nc6 17. Bh3 Na5 18. Bxd7 Qxd7 19. Nd5 Bd8 20. Qc2 f5 21. b4 fxe4 22. Rad1 Qf7 23. Qxe4 Nb3 24. Qc4 Nd4 25. Bxd4 Bxd5 26. Qxa6 Qf3 0-1

[Event "*** SCC Grand Prix: Titled Tuesday Blitz"]
[Site "Chess.com"]
[Date "2020.07.07"]
[Round "1"]
[White "GameOverBro"]
[Black "j2806"]
[Result "1-0"]
[WhiteElo "2499"]
[BlackElo "2063"]
[TimeControl "180+1"]
[EndTime "10:05:08 PDT"]
[Termination "GameOverBro won by resignation"]

1. e4 c5 2. Ne2 d6 3. g3 Nc6 4. Bg2 g6 5. c3 Bg7 6. d4 cxd4 7. cxd4 e6 8. O-O Nf6 9. Nbc3 O-O 10. h3 a6 11. Be3 b5 12. Qd2 Bb7 13. f4 b4 14.
Nd1 d5 15. e5 Ne4 16. Qe1 a5 17.
Nf2 Nxf2 18. Qxf2 Rc8 19. g4 f5 20. exf6 Bxf6 21. Rac1 Qd6 22. Rc5 Nxd4 23. Nxd4 Rxc5 24.
Nxe6 Qxe6 25. Bxc5 Be7 26. Bxe7 Qxe7 27. Qd4 Qf6 28.
Bxd5+ Bxd5 29. Qxd5+ Kg7 30. b3 Qb6+ 31. Kg2 Qe3 32.
Rf3 Qe2+ 33. Rf2 Qa6 34. Qe5+ Rf6 35. g5 1-0

[Event "*** SCC Grand Prix: Titled Tuesday Blitz"]
[Site "Chess.com"]
[Date "2020.07.07"]
[Round "1"]
[White "ajdemipopushi"]
[Black "Alexsur1981"]
[Result "0-1"]
[WhiteElo "2344"]
[BlackElo "2665"]
[TimeControl "180+1"]
[EndTime "10:05:10 PDT"]
[Termination "Alexsur1981 won on time"]

1. Nf3 d5 2. g3 c6 3. c4 Nf6 4. Bg2 dxc4 5. O-O b5 6. a4 Bb7 7.
b3 cxb3 8. Qxb3 a6 9. Ba3 Nbd7 10. d4 e6 11. Bxf8 Kxf8 12. Nbd2 g6 13. e4 Kg7 14. e5 Nd5 15. Ne4 Qb6 16. Nd6 c5 17. a5 Qa7 18. Ng5 c4 19. Qf3 Raf8 20. Ndxf7 h6 21.
Nxe6+ Kg8 22. Nxf8 Nxf8 23. Nd6 Bc6 24. Qf6 Nxf6 25.
Bxc6 Qxd4 26. Rfe1 Ng4 27. Ne4 Nxe5 0-1

[Event "*** SCC Grand Prix: Titled Tuesday Blitz"]
[Site "Chess.com"]
[Date "2020.07.07"]
[Round "1"]
[White "esrosenberg"]
[Black "Timerkhanov"]
[Result "0-1"]
[WhiteElo "2291"]
[BlackElo "2618"]
[TimeControl "180+1"]
[EndTime "10:05:13 PDT"]
[Termination "Timerkhanov won on time"]

1. Nf3 d5 2. c4 c6 3. d4 Nf6 4.
Nc3 dxc4 5. a4 Bf5 6. e3 e6 7. a5 Bd3 8. Bxd3 cxd3 9. Qxd3 Bb4 10.
O-O Bxa5 11. e4 Bb4 12. e5 Nd5 13. Nxd5 Qxd5 14. Ng5 Nd7 15. f4 h6 16. Ne4 Nc5 17.
Nxc5 Bxc5 18. Be3 Rd8 19. Rfd1 Bb6 20. f5 exf5 21. Qxf5 O-O 22. Qg4 Qe6 23. Qg3 Rd5 24.
h3 Rfd8 0-1

[Event "*** SCC Grand Prix: Titled Tuesday Blitz"]
[Site "Chess.com"]
[Date "2020.07.07"]
[Round "1"]
[White "HanSchut"]
[Black "timator"]
[Result "0-1"]
[WhiteElo "2302"]
[BlackElo "2628"]
[TimeControl "180+1"]
[EndTime "10:05:14 PDT"]
[Termination "timator won by resignation"]

1. e4 c5 2. Nf3 e6 3. c4 Nc6 4. Nc3 Nf6 5. Be2 e5 6. d3 d6 7. Nd5 Be7 8. a3 O-O 9. b4 cxb4 10. axb4 Nxd5 11. exd5 Nxb4 12. Be3 Na6 13. O-O Bg4 14. d4 Bxf3 15. Bxf3 Bf6 16. dxe5 Bxe5 17. Rb1 b6 18. Be2 Nc5 19. Qd2 Re8 20. f4 Bf6 21. Bf3 Rc8 22. Rbc1 Nb3 23. Qd3 Nxc1 24. Rxc1 Qc7 25.
Bf2 g6 26. f5 g5 27. h4 h6 28. hxg5 hxg5 29. Qd2 Kg7 30. Bd4 Bxd4+ 31. Qxd4+ f6 32.
Qg4 Qc5+ 33. Kf1 Rh8 34. Re1 Rh1+ 35. Ke2 Re8+ 36. Kd2 Rhxe1 0-1

[Event "*** SCC Grand Prix: Titled Tuesday Blitz"]
[Site "Chess.com"]
[Date "2020.07.07"]
[Round "1"]
[White "Koksik_13"]
[Black "Cxrjs"]
[Result "1-0"]
[WhiteElo "2604"]
[BlackElo "2271"]
[TimeControl "180+1"]
[EndTime "10:05:14 PDT"]
[Termination "Koksik_13 won on time"]

1. d4 Nf6 2. Nc3 d5 3. Bf4 g6 4. Qd2 Bg7 5. Bh6 O-O 6. O-O-O c5 7. dxc5 Nc6 8. Bxg7 Kxg7 9. Nxd5 Nxd5 10. Qxd5 Qa5 11.
a3 Be6 12. Qd2 Qxc5 13. Qc3+ Qxc3 14. bxc3 Ne5 15. e3 Rac8 16. Kb2 Rc6 17. Nf3 Nxf3 18. gxf3 Rfc8 19. Rd3 R8c7 20. f4 Bc4 21. Rd2 Bxf1 22. Rxf1 Rxc3 23. Rb1 Kf6 24. a4 R3c4 25. Kb3 a5 26. Rb2 Rb4+ 27. Ka3 Rcc4 28. Rxb4 Rxb4 29. c3 Rb1 30. h4 Ke6 31. Ka2 Rh1 32. Rb2 Rh2 33. Rb6+ Kf5 34. Kb3 Rxf2 35. Rb5+ Ke4 36. Re5+ Kd3 37. Rxe7 1-0

[Event "*** SCC Grand Prix: Titled Tuesday Blitz"]
[Site "Chess.com"]
[Date "2020.07.07"]
[Round "1"]
[White "AquivaRubinstein"]
[Black "tamarozi99"]
[Result "1-0"]
[WhiteElo "2482"]
[BlackElo "1984"]
[TimeControl "180+1"]
[EndTime "10:05:15 PDT"]
[Termination "AquivaRubinstein won by resignation"]

1. e4 c5 2. Nf3 Nc6 3. Bb5 g6 4. O-O Bg7 5. Re1 Nf6 6. c3 O-O 7. d4 cxd4 8. cxd4 d5 9. e5 Ne4 10. Nc3 Nxc3 11. bxc3 Qa5 12. Qb3 Bg4 13. Ba3 Bxf3 14.
gxf3 Rfe8 15. f4 Rac8 16. f5 a6 17. Bd3 gxf5 18. Bxf5 e6 19. Bd3 Ne7 20. Bb4 Qc7 21. Kh1 b6 22. Bxa6 Ra8 23. Bb5 Nc6 24. Rg1 Kh8 25.
Bd6 Qb7 26. Qd1 Ra5 27. a4 Na7 28. Bxe8 1-0

[Event "*** SCC Grand Prix: Titled Tuesday Blitz"]
[Site "Chess.com"]
[Date "2020.07.07"]
[Round "1"]
[White "sergeikim"]
[Black "dretch"]
[Result "0-1"]
[WhiteElo "2417"]
[BlackElo "2801"]
[TimeControl "180+1"]
[EndTime "10:05:16 PDT"]
[Termination "dretch won by checkmate"]

1. d4 d5 2. c4 c6 3. Nf3 Nf6 4.
Qc2 dxc4 5. Qxc4 Bf5 6. e3 Nbd7 7. Bd3 Bxd3 8. Qxd3 e6 9. O-O Bd6 10. Nc3 O-O 11.
e4 e5 12. Bg5 exd4 13. Qxd4 Bc5 14. Qc4 Qe7 15. e5 Nxe5 16. Nxe5 Qxe5 17. Bxf6 gxf6 18. Rad1 Rad8 19. Ne4 Bd4 20. Nc3 Rfe8 21. Rd3 b5 22.
Qxc6 Bxf2+ 23. Rxf2 Rxd3 24. Rxf6 Qd4+ 25. Rf2 Re1# 0-1

[Event "*** SCC Grand Prix: Titled Tuesday Blitz"]
[Site "Chess.com"]
[Date "2020.07.07"]
[Round "1"]
[White "vitnik2020"]
[Black "gross-aleks"]
[Result "1/2-1/2"]
[WhiteElo "2284"]
[BlackElo "2598"]
[TimeControl "180+1"]
[EndTime "10:05:16 PDT"]
[Termination "Game drawn by repetition"]

1. d4 Nf6 2. c4 e6 3. Nf3 b6 4. e3 Bb7 5. Bd3 c5 6. Nc3 Be7 7. O-O cxd4 8. exd4 O-O 9. d5 exd5 10. cxd5 Re8 11. Bf4 Bb4 12. Bg5 h6 13. Bh4 Bxc3 14.
bxc3 Bxd5 15. Nd4 Nc6 16. Nf5 Be4 17. Nd6 Bxd3 18. Nxe8 Bxf1 19. Nxf6+ gxf6 20. Qg4+ Kf8 21. Qh5 Kg7 22. Qg4+ Kh7 23. Qf5+ Kg7 24. Qg4+ Kh7 25. Qf5+ Kg7 26. Qg4+ 1/2-1/2

[Event "*** SCC Grand Prix: Titled Tuesday Blitz"]
[Site "Chess.com"]
[Date "2020.07.07"]
[Round "1"]
[White "chess94cu"]
[Black "GGfrances"]
[Result "1/2-1/2"]
[WhiteElo "2619"]
[BlackElo "2309"]
[TimeControl "180+1"]
[EndTime "10:05:18 PDT"]
[Termination "Game drawn by agreement"]

1. d4 Nf6 2. c4 g6 3. Nc3 Bg7 4. e4 d6 5. Be2 O-O 6. Bg5 Na6 7. Qd2 e5 8. d5 Qe8 9. f3 Nh5 10. g4 Nf4 11. Bxf4 exf4 12. Qxf4 Nc5 13. Qd2 a6 14. h4 b5 15. cxb5 axb5 16. Bxb5 Bxc3 17.
Bxe8 Bxd2+ 18. Kxd2 Rxe8 19. Ne2 Ba6 20. Nd4 Nxe4+ 21. fxe4 Rxe4 22. Nc6 Rxg4 23. h5 Bc4 24. hxg6 fxg6 25. b3 Bxd5 26. Ne7+ Kg7 27. Nxd5 Rd4+ 28. Kc3 Rxd5 29. Rhe1 Re5 30. Rxe5 dxe5 31. Kd3 h5 32. Ke4 Kf6 33. a4 h4 34. Rf1+ Ke6 35.
Rg1 Rg8 36. Rg5 h3 37. Rg3 Rb8 38. Rxg6+ Kf7 39. Rh6 Rxb3 40. Kxe5 Ra3 41. Kd5 Rc3 42. a5 Kg7 43. Rh4 Ra3 44. Kc6 Kg6 45. Kxc7 Rxa5 46. Rxh3 1/2-1/2

[Event "*** SCC Grand Prix: Titled Tuesday Blitz"]
[Site "Chess.com"]
[Date "2020.07.07"]
[Round "1"]
[White "Zq1"]
[Black "yuliagok"]
[Result "1-0"]
[WhiteElo "2509"]
[BlackElo "2102"]
[TimeControl "180+1"]
[EndTime "10:05:18 PDT"]
[Termination "Zq1 won by resignation"]

1. d4 Nf6 2. c4 e6 3. Nc3 d5 4. Nf3 Nbd7 5. e3 c6 6. Qc2 Be7 7. b3 O-O 8. Be2 b6 9. O-O Bb7 10. Bb2 Rc8 11. Rad1 Qc7 12. Rfe1 dxc4 13. bxc4 c5 14. d5 exd5 15. cxd5 Qb8 16. e4 Ng4 17. g3 Nge5 18. Nxe5 Nxe5 19. f4 Ng6 20. Bf3 f6 21. Bg4 Rcd8 22. Be6+ Kh8 23. h4 Rfe8 24. h5 Nxf4 25.
gxf4 Qxf4 26. Qg2 Bd6 27. Bc1 Qe5 28. Ne2 Qxh5 29. Nf4 Qh4 30. Ng6+ hxg6 31. Rd3 Rxe6 32. Rh3 Qxh3 33. Qxh3+ 1-0

[Event "*** SCC Grand Prix: Titled Tuesday Blitz"]
[Site "Chess.com"]
[Date "2020.07.07"]
[Round "1"]
[White "Gloomy_Wanderer"]
[Black "kleopl"]
[Result "1-0"]
[WhiteElo "2749"]
[BlackElo "2401"]
[TimeControl "180+1"]
[EndTime "10:05:19 PDT"]
[Termination "Gloomy_Wanderer won by resignation"]

1. d4 Nf6 2. Nf3 g6 3. c4 Bg7 4. g3 O-O 5. Bg2 c6 6. O-O d5 7. Nbd2 Ne4 8. b3 Nc3 9. Qe1 Bg4 10. Bb2 Ne4 11. h3 Nxd2 12. Nxd2 Be6 13. Rd1 Na6 14. a3 Qd7 15. Kh2 Rfd8 16. e4 dxc4 17. Nxc4 b5 18.
Na5 Qc7 19. b4 c5 20. e5 cxb4 21. Bxa8 Rxa8 22. d5 Qxa5 23. dxe6 fxe6 24. Qe4 Rf8 25. axb4 Qxb4 26. Bd4 Nc5 27. Qc6 Nb3 28. Qxe6+ Kh8 29. Bxa7 Nd2 30. Rh1 Rxf2+ 31. Bxf2 1-0